AoeStats
← Grant B 1993

Black Forest

510178694Analyzed
2v2 RM · 2d ago on Sep 29, 2026· 89m 28s· 4 players
Game mode
Random Map
Map size
Medium (4 player)
Population
200
Speed
Normal
Resources
Standard
Victory
Conquest
Starting age
Dark Age
Ending age
Imperial Age
RankedLock teamsTeams togetherTeam positionsShared explorationLock speedFull tech treeHidden civsTurbo modeCheats
Victory
Defeat
🇬🇧 Ethiopians · United Kingdom
779
+19
🇬🇧 Bohemians · United Kingdom
755
+19
🇩🇪 Wu · Germany
837
-19
🇺🇸 Varangians · United States
834
-19
AVAbest
1:15 Loom
14:23 Feudal Age
17:51 Castle Age
16:24 Double-Bit Axe
16:21 Horse Collar
20:50 Wheelbarrow
24:31 Bow Saw
25:56 Hand Cart
26:14 Fervor
27:11 Heavy Plow
27:03 Gold Mining
27:04 Stone Mining
28:06 Caravan
29:30 Gold Shaft Mining
29:45 Town Watch
31:09 Stone Shaft Mining
33:21 Imperial Age
34:13 Red Cliffs Tactics
35:57 Fletching
36:07 Padded Archer Armor
36:18 Forging
36:08 Scale Mail Armor
37:40 Two-Man Saw
36:51 Town Patrol
38:08 Bodkin Arrow
38:29 Leather Archer Armor
38:49 Iron Casting
38:39 Ballistics
39:19 Chemistry
38:04 Treadmill Crane
38:45 Ballistics
39:26 Chemistry
38:24 Murder Holes
39:07 Conscription
39:37 Squires
39:23 Arson
39:00 Pikeman
40:00 Masonry
41:14 Bracer
41:30 Chain Mail Armor
42:39 Blast Furnace
42:25 Guilds
41:50 Halberdier
42:17 Elite Fire Archer
44:10 Plate Mail Armor
45:30 Architecture
46:55 Guard Tower
47:02 Guard Tower
67:10 Scale Barding Armor
68:00 Bloodlines
67:50 Husbandry
67:11 Heavy Hei Guang Cavalry
68:15 Chain Barding Armor
68:00 Sitting Tiger
Grant B 1993
7:03 Loom
11:40 Feudal Age
12:18 Gold Mining
17:54 Castle Age
15:42 Horse Collar
15:57 Double-Bit Axe
16:17 Stone Mining
22:41 Stone Shaft Mining
22:20 Bow Saw
23:23 Heavy Plow
30:46 Imperial Age
30:16 Fletching
30:34 Scale Barding Armor
31:33 Squires
31:19 Arson
34:07 Wheelbarrow
33:52 Town Watch
34:55 Conscription
33:57 Elite Jarl
35:17 Forging
35:28 Chain Barding Armor
35:04 Bodkin Arrow
36:53 Hand Cart
36:38 Town Patrol
37:42 Two-Man Saw
37:16 Crop Rotation
36:56 Husbandry
37:07 Bloodlines
38:13 Iron Casting
38:14 Plate Barding Armor
40:28 Blast Furnace
42:05 Ballistics
42:46 Chemistry
42:11 Siege Engineers
42:17 Bracer
42:22 Scale Mail Armor
51:03 Masonry
53:29 Padded Archer Armor
55:38 Chain Mail Armor
55:40 Leather Archer Armor
54:50 Elite Skirmisher
56:23 Caravan
61:29 Elite Varangian Guard
Dwight Schrute
0:27 Loom
14:30 Feudal Age
17:54 Castle Age
16:44 Double-Bit Axe
16:43 Horse Collar
16:58 Gold Mining
21:57 Padded Archer Armor
21:48 Fletching
22:26 Bow Saw
24:09 Leather Archer Armor
25:29 Heavy Plow
27:38 Wheelbarrow
28:05 Bodkin Arrow
29:30 Caravan
29:01 Crossbowman
34:19 Imperial Age
32:50 Royal Heirs
33:10 Forging
33:01 Scale Mail Armor
33:06 Squires
33:18 Thumb Ring
35:14 Chain Mail Armor
35:35 Iron Casting
34:47 Arbalester
36:36 Bracer
37:07 Ring Archer Armor
37:18 Ballistics
37:58 Chemistry
37:04 Siege Engineers
38:13 Torsion Engines
39:41 Conscription
41:59 Heavy Scorpion
43:47 Blast Furnace
43:17 Plate Mail Armor
45:33 Halberdier
77:47 Heavy Camel Rider
78:29 Husbandry
79:28 Scale Barding Armor
84:09 Two-Man Saw
85:59 Chain Barding Armor
HeySon22
13:34 Feudal Age
14:00 Double-Bit Axe
14:00 Horse Collar
19:34 Castle Age
20:50 Pikeman
22:38 Chemistry
26:21 Heavy Plow
26:47 Bow Saw
34:38 Imperial Age
33:10 Fletching
33:21 Padded Archer Armor
36:05 Houfnice
36:54 Bodkin Arrow
37:57 Wheelbarrow
38:55 Ballistics
38:19 Halberdier
41:30 Conscription
42:37 Bracer
42:53 Leather Archer Armor
44:07 Hand Cart
45:15 Loom
46:05 Ring Archer Armor
45:48 Forging
45:39 Scale Mail Armor
84:32 Chain Mail Armor
84:53 Iron Casting
Connection lost

Rejoining the realm…

Still unreachable

The connection could not be restored.

Session expired

The server has moved on; the page needs a fresh start.